 Dungeon Crawl Stone Soup version 0.31-a0-486-g8d68a81214 (webtiles) character file.

Game seed: 12585352284609888303

27603 javelincjr the Fighter (level 13, -3/102 HPs)
             Began as a Demonspawn Gladiator on Aug 7, 2023.
             Was a High Priest of Makhleb.
             Slain by a wolf (6 damage)
             ... on level 4 of the Lair of Beasts.
             The game lasted 00:51:39 (14122 turns).

javelincjr the Fighter (Demonspawn Gladiator)      Turns: 14122, Time: 00:51:41

Health: -3/102     AC: 10    Str: 17 (19) XL:     13   Next: 5%
Magic:  13/13      EV: 12    Int: 12 (13) God:    Makhleb [*****.]
Gold:   1872       SH: 10    Dex: 12 (15) Spells: 12/12 levels left

rFire   x . .        a - +5 trident (venom)
rCold   + + +        y - +0 kite shield
rNeg    . . .        (no body armour)
rPois   .            N - +1 hat
rElec   .            i - +0 cloak
rCorr   .            q - +2 pair of gloves
SInv    +            k - +0 pair of boots
Will    .....        E - amulet of faith
Stlth   +            t - ring of Vousytan {Wiz rF- rC++ Int+3 SInv}
HPRegen 0.37/turn    z - ring of protection from cold
MPRegen 0.13/turn

%: faith, wizardry (x1)
@: mighty, agile, lethally poisoned (-3 -> -9), petrifying, very slow
A: antennae 2, slimy green scales 2, powered by pain 2, spiny 2
a: Renounce Religion, Minor Destruction, Lesser Servant of Makhleb, Major
Destruction, Greater Servant of Makhleb


You were on level 4 of the Lair of Beasts.
You worshipped Makhleb.
Makhleb was extremely pleased with you.
You visited 3 branches of the dungeon, and saw 15 of its levels.
You also visited: Ossuary.

You collected 1872 gold pieces.

Inventory:

Hand Weapons
 a - a +5 trident of venom (weapon)
 f - a +2 hand axe of flaming
Missiles
 d - 3 throwing nets (quivered)
 e - 5 javelins
 F - a curare-tipped dart
 G - 25 poisoned darts
Armour
 i - a +0 cloak (worn)
 k - a +0 pair of boots (worn)
 o - a +1 leather armour of poison resistance
 q - a +2 pair of gloves (worn)
 y - a +0 kite shield (worn)
 C - a +1 ring mail of fire resistance
 N - a +1 hat (worn)
 T - a +0 troll leather armour
Jewellery
 r - a ring of wizardry
 t - the ring of Vousytan (left hand) {Wiz rF- rC++ Int+3 SInv}
   (You found it on level 3 of the Dungeon)

   [ring of wizardry]

   It improves your spell success rate.
   Int:       It affects your intelligence (+3).
   rF:        It makes you vulnerable to fire.
   rC:        It greatly protects you from cold.
   SInv:      It lets you see invisible.
 u - a ring of positive energy
 z - a ring of protection from cold (right hand)
 D - a ring of ice
 E - an amulet of faith (around neck)
 M - a +5 ring of evasion
 O - a ring of poison resistance
Wands
 l - a wand of charming (20)
 n - a wand of mindburst (11)
 x - a wand of digging (4)
 P - a wand of flame (13)
 U - a wand of iceblast (4)
 V - a wand of polymorph (5)
Scrolls
 c - 2 scrolls of vulnerability
 g - 3 scrolls of poison
 p - 8 scrolls of teleportation
 A - 2 scrolls of fog
 H - 2 scrolls of amnesia
 J - 2 scrolls of revelation
 L - a scroll of brand weapon
Potions
 h - 3 potions of lignification
 j - 3 potions of resistance
 m - 4 potions of brilliance
 s - 2 potions of attraction
 v - 2 potions of enlightenment
 w - a potion of degeneration
 B - a potion of invisibility {unknown}
 I - a potion of ambrosia {unknown}
 K - 2 potions of mutation {unknown}
 R - a potion of heal wounds {unknown}
 S - a potion of curing {unknown}
Miscellaneous
 Q - a tin of tremorstones (2/2)


   Skills:
 + Level 9.7 Fighting
 + Level 9.1 Polearms
 + Level 8.9 Throwing
 + Level 8.6 Armour
 + Level 8.9 Dodging
 + Level 7.6 Shields


You had 12 spell levels left.
You didn't know any spells.
Your spell library contained the following spells:

 Spells                   Type           Power      Damage    Failure   Level
 Apportation              Tloc           0%         N/A       28%         1
 Sandblast                Erth           0%         2d4       28%         1
 Sting                    Tmut/Pois      0%         1d3       28%         1
 Passwall                 Tmut/Erth      0%         N/A       41%         2
 Poisonous Vapours        Pois/Air       0%         N/A       41%         2
 Call Canine Familiar     Summ           0%         N/A       63%         3
 Portal Projectile        Hex/Tloc       0%         N/A       63%         3
 Stone Arrow              Conj/Erth      0%         3d7       63%         3
 Volatile Blastmotes      Fire/Tloc      0%         2d10      63%         3
 Fulminant Prism          Conj/Hex       0%         3d5       95%         4
 Iskenderun's Mystic Bla  Conj/Tloc      0%         2d3       95%         4
 Leda's Liquefaction      Hex/Erth       0%         N/A       95%         4
 Olgreb's Toxic Radiance  Pois           0%         N/A       95%         4
 Alistair's Intoxication  Tmut/Pois      0%         N/A       100%        5
 Simulacrum               Ice/Necr       0%         N/A       100%        6
 Ozocubu's Refrigeration  Ice            0%         4d7       100%        7
 Polar Vortex             Ice            0%         N/A       100%        9


Dungeon Overview and Level Annotations

Branches:
Dungeon (10/15)            Temple (1/1) D:5            Lair (4/5) D:10
 Shoals (0/4) Lair:2        Snake (0/4) Lair:3      Ossuary (visited)
  Slime: Lair:4-5       Orc: D:9-12

Altars:
Ashenzari
Cheibriados
Dithmenos
Fedhas
Gozag
Hepliaklqana
Kikubaaqudgha
Makhleb
Nemelex Xobeh
Okawaru
Qazlal
Ru
Sif Muna
Trog
Uskayaw
Vehumet
Wu Jian
Xom
Yredelemnul

Shops:
D:8 [

Annotations:
D:5 3 runed translucent doors, promet's ghost, amateur HOFi
Lair:3 3 runed translucent doors, Ifaaq's ghost, journeyman MiFi


Innate Abilities, Weirdness & Mutations

You have a pair of antennae on your head.
You are mostly covered in slimy green scales. (AC +3)
You sometimes gain power by taking damage.
You are mostly covered in sharp spines.


Message History

The blink frog blinks!
The cane toad attacks as you move away! The cane toad is struck by your spines.
You kill the cane toad!
Makhleb accepts your kill.
You feel better.
Found 14 gold pieces.
You feel very sick. You block the basilisk's attack.
You block the wolf's attack.
The water moccasin is struck by your spines.
The water moccasin completely misses you.
Your ynoxinul barely misses the wolf.
Found 24 gold pieces.
You feel very sick. The wolf misses your ufetubus.
Your ufetubus barely misses the blink frog.
Your ufetubus closely misses the blink frog.
The water moccasin misses your ufetubus.
Your ynoxinul hits the wolf! The wolf barely misses your ufetubus.
Your ufetubus completely misses the basilisk. x2
You closely miss the blink frog.
The blink frog is lightly wounded.
You feel very sick. The water moccasin bites your ufetubus!
Your ufetubus dies!
Your ufetubus disappears in a puff of smoke!
The blink frog hits your ufetubus!
Your ufetubus dies!
Your ufetubus disappears in a puff of smoke!
The blink frog hits you!
* * * LOW HITPOINT WARNING * * *
The basilisk gazes at you.
You are slowing down.
The blink frog blinks!
The elephant tramples your ynoxinul!!
Your ynoxinul is shoved backwards!
Your ynoxinul hits the wolf!
It was a potion of degeneration.
There was something very wrong with that liquid.
You feel weakened.
You feel dopey.
You feel clumsy.
* * * LOW HITPOINT WARNING * * *
You feel very sick.
The elephant looks more healthy.
The wolf bites you!
You die...

## ## #####.#### ...
#..... #.####
....#.....##....##
........##.......#
S.....?.÷##......###
....#..÷..Y3F@.....#
.§........§Shl....##
..........§.§Y.......
..........<.../#.....
...#................$
P..#....P............
.P #######...........
#....#PP..$.
##.#.......


You could see 2 elephants, a basilisk (poisoned, ally target), a blink frog, a
water moccasin, a wolf and a friendly ynoxinul (summoned).

Vanquished Creatures
  An ogre mage (D:10)
  2 two-headed ogres (D:10)
  A boulder beetle (D:10)
  A tengu warrior (D:10)
  A wizard (D:9)
  A cyclops (D:10)
  A manticore (D:10)
  A black mamba (Lair:3)
  7 elephants (Lair:3)
  A merfolk siren (Lair:2)
  A gargoyle (D:10)
  6 cane toads
  An unseen horror (D:10)
  3 rime drakes
  2 komodo dragons (Lair:1)
  A kobold demonologist (D:10)
  4 trolls (D:10)
  Grinder (D:4)
  12 blink frogs (Lair:3)
  A shadow (D:9)
  17 yaks
  A centaur simulacrum (D:10)
  7 wyverns
  A basilisk (Lair:3)
  3 nagas (Lair:3)
  2 acid dragons
  13 water moccasins
  5 black bears
  7 orc warriors
  2 centaurs
  13 wolves (Lair:2)
  2 kobold brigands (D:7)
  A gnoll sergeant (D:9)
  14 bullfrogs
  5 scorpions
  22 wights
  8 killer bees
  4 howler monkeys
  A crimson imp (D:9)
  A sleepcap (D:6)
  4 jellies
  Ijyb (D:2)
  11 orc priests
  3 hounds
  A gnoll bouda (D:7)
  2 iguanas (D:5)
  13 orc wizards
  6 hell rats (Lair:3)
  A mummy (Ossuary)
  10 gnolls
  8 adders
  A shadow imp (D:7)
  2 white imps (D:5)
  An ufetubus (D:4)
  2 worms
  4 dart slugs
  31 orcs
  5 spectral bats (Ossuary)
  9 ball pythons
  4 endoplasms
  12 gnoll zombies (Ossuary)
  14 goblins
  9 hobgoblins
  A quokka (D:1)
  4 bats
  A goblin simulacrum (Ossuary)
  5 goblin zombies (Ossuary)
  3 hobgoblin zombies (Ossuary)
  14 kobolds
  5 kobold simulacra (Ossuary)
  5 kobold zombies (Ossuary)
  5 orc zombies (Ossuary)
  2 rats
  2 rat simulacra (Ossuary)
  5 spectral goblins (Ossuary)
  A spectral kobold (Ossuary)
  2 spectral rats (Ossuary)
387 creatures vanquished.

Vanquished Creatures (collateral kills)
  2 elephants (Lair:4)
  An orc (D:9)
3 creatures vanquished.

Vanquished Creatures (others)
  A hell rat (Lair:3)
1 creature vanquished.

Grand Total: 391 creatures vanquished

Notes
Turn   | Place    | Note
-------+----------+-------------------------------------------
     0 | D:1      | javelincjr the Demonspawn Gladiator began the quest for the
                  | Orb.
     0 | D:1      | Reached XP level 1. HP: 16/16 MP: 1/1
   156 | D:1      | Gained mutation: You are partially covered in slimy green
                  | scales. (AC +2) [demonic ancestry]
   156 | D:1      | Reached XP level 2. HP: 15/22 MP: 2/2
   370 | D:1      | Found a faded altar of an unknown god.
  1025 | D:2      | Gained mutation: You have a pair of small antennae on your
                  | head. [demonic ancestry]
  1025 | D:2      | Reached XP level 3. HP: 8/28 MP: 3/3
  1335 | D:2      | Reached skill level 1 in Armour
  1345 | D:2      | Noticed Ijyb
  1356 | D:2      | Gained mutation: You are partially covered in sharp spines.
                  | [demonic ancestry]
  1356 | D:2      | Reached XP level 4. HP: 34/34 MP: 4/4
  1373 | D:2      | Killed Ijyb
  2151 | D:3      | Reached XP level 5. HP: 19/40 MP: 5/5
  2374 | D:3      | Identified the ring of Vousytan {Wiz rF- rC++ Int+3 SInv}
  2917 | D:4      | Found a sand-covered staircase.
  2924 | Ossuary  | Entered an ossuary
  3091 | Ossuary  | Reached XP level 6. HP: 47/47 MP: 6/6
  3440 | D:4      | Noticed Grinder
  3450 | D:4      | Killed Grinder
  3451 | D:4      | Gained mutation: You sometimes gain a little power by
                  | taking damage. [demonic ancestry]
  3451 | D:4      | Reached XP level 7. HP: 53/53 MP: 7/7
  4093 | D:5      | Entered Level 5 of the Dungeon
  4409 | D:5      | Reached skill level 1 in Shields
  4409 | D:5      | Gained mutation: You are mostly covered in sharp spines.
                  | [demonic ancestry]
  4409 | D:5      | Reached XP level 8. HP: 61/61 MP: 8/8
  4502 | D:5      | Found a staircase to the Ecumenical Temple.
  4509 | Temple   | Entered the Ecumenical Temple
  4549 | Temple   | Became a worshipper of Makhleb the Destroyer
  4853 | D:5      | Found a runed translucent gate.
  4853 | D:5      | Found a runed translucent gate.
  4853 | D:5      | Found a runed translucent gate.
  4859 | D:5      | Noticed promet's ghost (amateur HOFi)
  5333 | D:6      | Reached skill level 5 in Dodging
  5402 | D:6      | Reached skill level 5 in Polearms
  5405 | D:6      | Reached skill level 5 in Fighting
  5561 | D:6      | Found an ornate altar of the Wu Jian Council.
  5822 | D:7      | Reached * piety under Makhleb
  5923 | D:7      | Reached XP level 9. HP: 46/68 MP: 9/9
  6036 | D:7      | Reached skill level 5 in Throwing
  6302 | D:7      | Found a broken altar of Ashenzari.
  6546 | D:7      | Reached ** piety under Makhleb
  6855 | D:8      | Found an iron altar of Okawaru.
  6855 | D:8      | Found an ancient bone altar of Kikubaaqudgha.
  6984 | D:8      | Reached skill level 5 in Armour
  7044 | D:8      | Found Mirphac's Armour Boutique.
  7230 | D:8      | Reached *** piety under Makhleb
  7462 | D:9      | Reached XP level 10. HP: 56/77 MP: 10/10
  7592 | D:9      | Found a blossoming altar of Fedhas.
  7994 | D:9      | Noticed a wizard
  8001 | D:9      | Killed a wizard
  8380 | D:10     | Entered Level 10 of the Dungeon
  8412 | D:10     | Noticed a gargoyle
  8431 | D:10     | Killed a gargoyle
  8432 | D:10     | Reached skill level 5 in Shields
  8481 | D:10     | Noticed a cyclops
  8483 | D:10     | Noticed an ogre mage
  8661 | D:10     | Noticed a two-headed ogre
  8662 | D:10     | Noticed a tengu warrior
  8668 | D:10     | Killed a two-headed ogre
  8668 | D:10     | Reached **** piety under Makhleb
  8678 | D:10     | Killed a tengu warrior
  8740 | D:10     | Killed a cyclops
  8741 | D:10     | Gained mutation: You have a pair of antennae on your head.
                  | [demonic ancestry]
  8741 | D:10     | Reached XP level 11. HP: 39/84 MP: 11/11
  8891 | D:10     | Killed an ogre mage
  9047 | D:10     | Noticed a two-headed ogre
  9051 | D:10     | Killed a two-headed ogre
  9207 | D:10     | Noticed a boulder beetle
  9229 | D:10     | Killed a boulder beetle
  9828 | D:10     | Found a staircase to the Lair.
  9934 | Lair:1   | Entered Level 1 of the Lair of Beasts
 10862 | Lair:1   | Gained mutation: You are mostly covered in slimy green
                  | scales. (AC +3) [demonic ancestry]
 10862 | Lair:1   | Reached XP level 12. HP: 84/94 MP: 12/12
 11509 | Lair:2   | Reached ***** piety under Makhleb
 11574 | Lair:2   | Found a staircase to the Shoals.
 12839 | Lair:3   | Found a staircase to the Snake Pit.
 13167 | Lair:3   | Identified a scroll of acquirement
 13167 | Lair:3   | Acquired 935 gold pieces
 13186 | Lair:3   | Noticed a death yak
 13187 | Lair:3   | Noticed a minotaur
 13191 | Lair:3   | Noticed Ifaaq's ghost (journeyman MiFi)
 13218 | Lair:3   | Found a runed translucent gate.
 13218 | Lair:3   | Found a runed translucent gate.
 13218 | Lair:3   | Found a runed translucent gate.
 13696 | Lair:3   | Gained mutation: You sometimes gain power by taking damage.
                  | [demonic ancestry]
 13696 | Lair:3   | Reached XP level 13. HP: 47/101 MP: 13/13
 14121 | Lair:4   | HP: 4/102 [blink frog (13)]
 14122 | Lair:4   | Slain by a wolf

Illustrated notes

Levels and vault maps discovered:
D:1:      amcnicky_arrival_feature_with_door, layout_basic,
          nicolae_ecumenical_snake_handling, chequers_decorated_corner,
          minmay_tetromino_o4
D:2:      kennysheep_the_goblin_king, layout_basic, minmay_goblin_kobold_house
D:3:      minmay_bubble_buster, layout_basic
D:4:      layout_basic, chequers_ossuary_entry_cave, minmay_gold_behind_fungi,
          uniq_grinder
D:5:      layout_basic, minmay_temple_entry_gardened_gates,
          ebering_ghost_rock_garden
D:6:      layout_cave_pools, nzn_wu_jian_contemplation
D:7:      layout_loops_ring, kennysheep_little_box
D:8:      layout_basic, gammafunk_temple_overflow_wave, serial_shops, shop,
          roderic_serpentine_path
D:9:      layout_gridville, general_overflow_altar, lightli_wizard_tower
D:10:     layout_rooms, lair_entry_dummy, minmay_the_grid_2x2
          [minmay_the_grid_minigrid_large, minmay_the_grid_broken_lines,
          minmay_the_grid_doors, minmay_the_grid_prize_inner_circle]
Temple:   bh_familiar_temple
Lair:1:   layout_long_grid
Lair:2:   layout_loops_ring, minmay_shoals_entry_lonely_mermaid
Lair:3:   layout_misc_corridors, minmay_snake_entry_guardpost_small,
          maelrawn_ghost_gauntlet_escape, beast_lair_carwin_7
Lair:4:   wander_river, layout_cave_shapes

Skill      XL: |  1  2  3  4  5  6  7  8  9 10 11 12 |
---------------+-------------------------------------+-----
Throwing       | 2 3 4 5 6 7 8 |  8.9
Dodging        | 3 4 5 6 7 8 |  8.9
Polearms       | 3 4 5 6 7 8 9 |  9.1
Armour         | 1 2 3 4 5 6 7 8 |  8.6
Fighting       | 3 4 5 6 7 8 9 |  9.7
Shields        | 1 2 4 5 6 7 |  7.6

Action                     |  1- 3 |  4- 6 |  7- 9 | 10-12 | 13-15 || total
---------------------------+-------+-------+-------+-------+-------++-------
  Melee: Trident           |   127 |   221 |   269 |   635 |     9 ||  1261
         Punch             |       |     2 |     2 |       |       ||     4
  Throw: Throwing net      |     1 |     1 |       |     2 |       ||     4
 Invoke: Minor Destruction |       |       |       |    15 |       ||    15
         Lesser Servant of |       |       |       |     4 |     1 ||     5
    Use: Scroll            |       |    12 |     6 |     7 |       ||    25
         Potion            |       |       |       |     2 |     1 ||     3
   Stab: Sleeping          |       |     2 |     2 |     3 |       ||     7
 Armour: Leather armour    |    52 |    65 |    36 |       |       ||   153
         Ring mail         |       |       |    29 |    58 |       ||    87
         Skin              |       |       |       |   109 |    19 ||   128
  Dodge: Dodged            |    65 |    96 |    80 |   334 |    19 ||   594
  Block: Kite shield       |       |       |    43 |   330 |    18 ||   391

Table legend: (Time is in decaauts)
 A = Elapsed time spent in this place.
 B = Non-inter-level travel time spent in this place.
 C = Inter-level travel time spent in this place.
 D = Time resting spent in this place.
 E = Time spent auto-exploring this place.
 F = Levels seen in this place.
 G = Mean time per level.
                   A        B        C        D        E       F      G
               +--------+--------+--------+--------+--------+-----+--------+
         Total |  14228 |  13717 |    511 |   1965 |   8842 |  16 |  889.2 |
       Dungeon |   9585 |   9237 |    348 |   1361 |   5926 |  10 |  958.5 |
        Temple |     69 |      1 |     68 |      0 |      0 |   1 |   69.0 |
          Lair |   4184 |   4089 |     95 |    604 |   2780 |   4 | 1046.0 |
       Ossuary |    388 |    388 |      0 |      0 |    136 |   1 |  388.0 |
               +--------+--------+--------+--------+--------+-----+--------+

Top non-repeatable levels by time:
  Lair:3: 1743 daAuts
    D:10: 1426 daAuts
  Lair:1: 1259 daAuts
  Lair:2: 1144 daAuts
     D:4: 1075 daAuts
     D:5: 990 daAuts
     D:7: 954 daAuts
     D:9: 937 daAuts
     D:2: 936 daAuts
     D:1: 909 daAuts
     D:8: 880 daAuts
     D:3: 829 daAuts
     D:6: 643 daAuts
 Ossuary: 388 daAuts
  Temple: 69 daAuts
